[Event "*** SCC Grand Prix: Titled Tuesday Blitz"]
[Site "Chess.com"]
[Date "2020.07.21"]
[Round "6"]
[White "Grischuk"]
[Black "giantslayer83"]
[Result "1/2-1/2"]
[WhiteElo "3029"]
[BlackElo "2743"]
[TimeControl "180+1"]
[EndTime "11:07:33 PDT"]
[Termination "Game drawn by repetition"]

1. Nf3 d5 2. d4 Nf6 3. c4 e6 4. Nc3 Bb4 5. Bg5 h6 6. Bd2 dxc4 7. e3 c5 8. Bxc4 cxd4 9. Qa4+ Nc6 10. Nxd4 Bxc3 11. Bxc3 Bd7 12. Qa3 Qe7 13. Qxe7+ Nxe7 14. f3 Rc8 15. Be2 Nfd5 16. Bd2 Nf5 17. Nxf5 exf5 18. Bd3 O-O 19. Kf2 Be6 20. Rhc1 Rcd8 21. Bf1 a6 22. Rc2 Rc8 23. Rac1 Rxc2 24. Rxc2 Rc8 25. Rxc8+ Bxc8 26. Bd3 Be6 27. h3 h5 28. h4 Kf8 29. e4 fxe4 30.
Bxe4 Ke7 31. b3 Kd6 32. Ke2 g6 33. g3 Bd7 34. Be1 Bb5+ 35. Kd2 f5 36. Bb1 Bf1 37.
Bc2 b5 38. a3 Ke6 39. Bf2 Bg2 40. Ke2 Nc3+ 41. Kd2 Nd5 42. Bd1 Kd6 43. Bd4 f4 44. gxf4 Nxf4 45. Ke3 Nd5+ 46. Kf2 Bh3 47. a4 Bf5 48.
Be2 Kc6 49. axb5+ axb5 50. Bd1 Nf4 51. Kg3 Nd5 52. Kf2 Nf4 53. Kg3 Nd5 54. Kf2 1/2-1/2

[Event "*** SCC Grand Prix: Titled Tuesday Blitz"]
[Site "Chess.com"]
[Date "2020.07.21"]
[Round "6"]
[White "sergivila"]
[Black "Fh2411"]
[Result "1/2-1/2"]
[WhiteElo "2401"]
[BlackElo "2581"]
[TimeControl "180+1"]
[EndTime "11:07:33 PDT"]
[Termination "Game drawn by repetition"]

1. e4 c5 2. Nf3 e6 3. d4 cxd4 4. Nxd4 a6 5. Bd3 Nc6 6. Nxc6 dxc6 7. O-O e5 8. Nd2 Nf6 9. Nc4 Bd6 10. a4 Be6 11. Qe2 a5 12. Bd2 Bxc4 13. Bxc4 O-O 14. Rad1 Qe7 15. Bg5 h6 16. Bh4 Rfd8 17. Rd3 Bc5 18.
Bxf6 Qxf6 19. Rf3 Qg5 20. Rxf7 Kh8 21. Bd3 b6 22. g3 Rf8 23. Rf5 Qe7 24. Kg2 g6 25.
Rxf8+ Rxf8 26. Bc4 h5 27. h4 Kg7 28. f3 Rd8 29.
Rd1 Rxd1 30. Qxd1 Qd6 31. Qxd6 Bxd6 32. Kf2 Bc5+ 33. Ke2 Kf6 34. Ba6 Bd6 35. Bb7 c5 36. Kd3 g5 37. hxg5+ Kxg5 38. Kc4 Be7 39. Kd5 Bf6 40. Bc8 h4 41. gxh4+ Kxh4 42. Kc6 Bd8 43. Kd7 Bg5 44. Kc7 Bc1 45. b3 Kg3 46. Bg4 c4 47. Kxb6 cxb3 48. cxb3 Bd2 49. Kc5 Kf4 50. Kd5 Bb4 51.
Kc4 Be1 52. Kb5 Bb4 53. Kc4 Bd2 54. Kd3 Bb4 55. Ke2 Bc5 56. Kd3 Bb4 57. Kc4 1/2-1/2

[Event "*** SCC Grand Prix: Titled Tuesday Blitz"]
[Site "Chess.com"]
[Date "2020.07.21"]
[Round "6"]
[White "GustavoJuarezF"]
[Black "profofchess"]
[Result "0-1"]
[WhiteElo "2030"]
[BlackElo "2356"]
[TimeControl "180+1"]
[EndTime "11:07:33 PDT"]
[Termination "profofchess won by checkmate"]

1. e4 e6 2. d4 d5 3. exd5 exd5 4. Bd3 Nc6 5. Nf3 Bg4 6. c3 Bd6 7. Be3 Qd7 8. Nbd2 Nge7 9. h3 Bh5 10. Qb3 O-O-O 11.
Bb5 a6 12. Bd3 f6 13. Qc2 Bg6 14. b4 Bxd3 15. Qxd3 Nf5 16. a4 Nxe3 17. fxe3 Bg3+ 18. Kd1 Ne7 19. e4 Rhe8 20. Kc2 Kb8 21. Rhb1 Nc8 22. a5 Na7 23. Ng1 Bf4 24. Re1 Bxd2 25. Kxd2 Nb5 26.
Nf3 dxe4 27. Rxe4 Nd6 28. Rxe8 Rxe8 29. Re1 g6 30. Rxe8+ Qxe8 31. Qe2 Qa4 32. Qd1 Nc4+ 33. Ke1 Qxd1+ 34. Kxd1 Ne3+ 35. Ke2 Nxg2 36. c4 Nf4+ 37. Ke3 Nxh3 38. Ke4 Ng5+ 39. Kd5 Nxf3 40. Ke6 Nxd4+ 41. Kxf6 Nc2 42. Kg5 Nxb4 43. Kh6 Nc6 44. Kxh7 g5 45. Kg6 g4 46. Kg5 g3 47. Kf4 g2 48. Kf3 g1=Q 49. Ke4 Qd4+ 50. Kf5 Qc5+ 51. Ke4 b6 52. Kd3 Qb4 53.
axb6 cxb6 54. Ke4 a5 55. Kf5 a4 56. Ke6 Na5 57. Kd7 Qc5 58. Ke6 a3 59. Kd7 a2 60. Ke6 a1=Q 61. Kd7 Qg7+ 62. Ke6 Qce5# 0-1

[Event "*** SCC Grand Prix: Titled Tuesday Blitz"]
[Site "Chess.com"]
[Date "2020.07.21"]
[Round "6"]
[White "londonkid"]
[Black "Arjun2002"]
[Result "0-1"]
[WhiteElo "2415"]
[BlackElo "2608"]
[TimeControl "180+1"]
[EndTime "11:07:34 PDT"]
[Termination "Arjun2002 won by resignation"]

1. d4 d5 2. c4 c6 3. cxd5 cxd5 4. Nf3 Nf6 5. Nc3 Nc6 6. Bf4 Ne4 7. e3 Nxc3 8. bxc3 e6 9. Bd3 Bd6 10. Bg3 O-O 11. O-O b6 12. Rc1 Bb7 13. Ne5 Nxe5 14. dxe5 Ba3 15. Rb1 Rc8 16. Rb3 Be7 17. f4 f5 18.
exf6 Bxf6 19. Qh5 g6 20. Qg4 Qe7 21. h4 e5 22. f5 e4 23. Bc2 Qd7 24. h5 g5 25. h6 Rc5 26. Rd1 Qc6 27. Bf4 Kh8 28.
Bxg5 Rg8 29. Bxf6+ Qxf6 30. Qf4 Rxc3 31. Rxc3 Qxc3 32. Bb3 Qb2 33. Qf2 Qxf2+ 34. Kxf2 Rg5 35. g4 Rxg4 36. Bxd5 Bxd5 37. Rxd5 Kg8 38. Rd8+ Kf7 39.
Rd7+ Kf6 40. Rxh7 Rh4 41. Rxa7 Rxh6 42. Ra6 Kxf5 43. a4 Kg4 44. Kg2 Rc6 45. Kf2 Rc2+ 46.
Ke1 Rb2 47. a5 bxa5 48. Rxa5 Kf3 49. Ra3 Re2+ 50. Kf1 Rxe3 51. Rxe3+ Kxe3 52. Ke1 Kd3 53. Kd1 e3 54. Ke1 e2 55. Kf2 Kd2 56. Kf3 e1=Q 57.
Kg4 Qf2 0-1

[Event "*** SCC Grand Prix: Titled Tuesday Blitz"]
[Site "Chess.com"]
[Date "2020.07.21"]
[Round "6"]
[White "BlackBoarder"]
[Black "ChronicUnhappiness"]
[Result "1-0"]
[WhiteElo "2578"]
[BlackElo "2381"]
[TimeControl "180+1"]
[EndTime "11:07:34 PDT"]
[Termination "BlackBoarder won by resignation"]

1. e4 d6 2. d4 Nf6 3. Nc3 g6 4. Be2 Bg7 5. h4 h5 6. Nf3 c6 7. a4 b6 8. O-O a6 9. Ng5 O-O 10. Bf4 Bb7 11. Qd2 b5 12. Nd1 Nbd7 13. c3 e5 14. Bg3 d5 15. dxe5 Nxe4 16. Nxe4 dxe4 17.
e6 fxe6 18. Ne3 Ne5 19. Qc2 Qe7 20. Qxe4 c5 21. Qc2 c4 22. axb5 axb5 23. Rxa8 Bxa8 24.
Bxe5 Bxe5 25. Qxg6+ Qg7 26. Qxg7+ Kxg7 27. Bxh5 Rh8 28.
Bf3 Bxf3 29. gxf3 Rxh4 30. Ng4 Bf4 31. Ra1 Rh5 32. Ra7+ Kg6 33. Re7 e5 34. Rb7 e4 35.
fxe4 Kg5 36. f3 Kh4 37. Kg2 Rg5 38. Rh7+ Rh5 39. Rf7 Bc1 40. e5 Bxb2 41. e6 Rh8 42. e7 Re8 43. Nf6 Rxe7 44. Rxe7 Bxc3 45. Rb7 Bxf6 46.
Rxb5 c3 47. Rf5 Bg7 48. Rc5 Bd4 49. Rc4 Kg5 50. Rxd4 c2 51. Rc4 1-0

[Event "*** SCC Grand Prix: Titled Tuesday Blitz"]
[Site "Chess.com"]
[Date "2020.07.21"]
[Round "6"]
[White "turayev_shahruh17"]
[Black "cassoulet"]
[Result "1-0"]
[WhiteElo "2545"]
[BlackElo "2652"]
[TimeControl "180+1"]
[EndTime "11:07:36 PDT"]
[Termination "turayev_shahruh17 won by checkmate"]

1. e4 c5 2. Nc3 Nc6 3. Bb5 g6 4.
Bxc6 bxc6 5. f4 Bg7 6. Nf3 d6 7.
O-O Bg4 8. h3 Bxf3 9. Qxf3 Nf6 10. d3 O-O 11. f5 Rb8 12. Rb1 Nd7 13. Ne2 Qa5 14. a3 c4 15. Qg3 cxd3 16. cxd3 Rb3 17. Bg5 Re8 18. Qh4 Rxd3 19. Bxe7 Qe5 20. f6 g5 21. Qf2 Qxe4 22. Ng3 Qe3 23. Qxe3 Rxe3 24. Nf5 Nxf6 25. Nxg7 R8xe7 26. Nf5 Nd5 27. Rbc1 Rc7 28.
Nxe3 Nxe3 29. Rfe1 Nd5 30. b4 Kf8 31. g3 h6 32.
Red1 Nb6 33. Rxd6 Re7 34. Rdxc6 Re3 35. R1c3 Re1+ 36. Kf2 Rb1 37. Rxh6 Nd5 38. Rd3 Rb2+ 39. Kf3 Ne7 40. Rh8+ Kg7 41. Ra8 Ng6 42. Re3 f5 43. Rxa7+ Kh6 44. Re6 Rb3+ 45. Ke2 Rb2+ 46. Kd3 f4 47.
gxf4 Kh5 48. Rh7# 1-0

[Event "*** SCC Grand Prix: Titled Tuesday Blitz"]
[Site "Chess.com"]
[Date "2020.07.21"]
[Round "6"]
[White "Chessmatus"]
[Black "nobodyperfect13"]
[Result "1-0"]
[WhiteElo "2430"]
[BlackElo "2281"]
[TimeControl "180+1"]
[EndTime "11:07:36 PDT"]
[Termination "Chessmatus won by resignation"]

1. e4 c5 2. Nf3 e6 3. d4 cxd4 4.
Nxd4 a6 5. Bd3 b5 6. O-O Bb7 7.
Nc3 d6 8. Re1 Nf6 9. Bg5 Be7 10.
Qf3 Nbd7 11. Qh3 Nc5 12. a3 Rc8 13. Rad1 Qc7 14. Rd2 h6 15. Bf4 Nfd7 16. Bxb5 axb5 17. Ndxb5 Qb8 18. Bxd6 Qa8 19. Bxe7 Kxe7 20. Nd6 Nf6 21.
Qg3 g5 22. Nxc8+ Qxc8 23. Qd6+ Ke8 24. Nd5 Bxd5 25. exd5 Nce4 26. Qe5 Qd7 27. Rxe4 Nxe4 28. Qxh8+ Ke7 29. d6+ Nxd6 30. Qxh6 Qb5 31. Qg7 Qf5 32. Qd4 Qf4 33. Qxd6+ Qxd6 34. Rxd6 Kxd6 35. Kf1 Kd5 36. Ke2 Kc4 37. g3 g4 38. f3 gxf3+ 39. Kxf3 f5 40. Kf4 Kd4 41. h4 e5+ 42. Kf3 e4+ 43. Ke2 Ke5 44.
a4 f4 45. gxf4+ Kxf4 46. a5 Kg4 47. a6 Kxh4 48. a7 Kg4 49. a8=Q 1-0

[Event "*** SCC Grand Prix: Titled Tuesday Blitz"]
[Site "Chess.com"]
[Date "2020.07.21"]
[Round "6"]
[White "Duhless"]
[Black "Beca95"]
[Result "1/2-1/2"]
[WhiteElo "2967"]
[BlackElo "2848"]
[TimeControl "180+1"]
[EndTime "11:07:37 PDT"]
[Termination "Game drawn by stalemate"]

1. d4 Nf6 2. Nf3 e6 3. Bg5 d6 4. c4 h6 5. Bc1 c5 6. dxc5 dxc5 7. Qxd8+ Kxd8 8. Nc3 a6 9. Ne5 Ke8 10. g3 Nfd7 11.
Nd3 b6 12. Bg2 Ra7 13. a4 Bb7 14. Bxb7 Rxb7 15. a5 Nc6 16. axb6 Rxb6 17. O-O Nd4 18. Ra2 Nb3 19. Be3 Bd6 20. Rd1 Ke7 21. Ne4 Rc8 22. Ra3 Bb8 23. Kg2 f5 24. Nd2 Nxd2 25.
Rxd2 Bd6 26. Rd1 Ne5 27. Nxe5 Bxe5 28. Ra5 Bd6 29. b4 Rxb4 30. Rxa6 Be5 31. Ra7+ Kf6 32. Rdd7 Kg6 33. Ra6 Rxc4 34. Rxe6+ Bf6 35. h4 Rc2 36. Bf4 c4 37. Be5 Rxe2 38. Rxg7+ Kxg7 39. Bxf6+ Kf7 40. Rxe2 Kxf6 41. Kf3 c3 42. Rc2 Ke5 43. Ke3 f4+ 44. Kd3 fxg3 45. fxg3 Kf5 46. Rxc3 Rxc3+ 47. Kxc3 Kg4 48.
Kd3 Kxg3 49. Ke2 Kxh4 50. Kf1 Kg3 51. Kg1 h5 52. Kh1 h4 53. Kg1 h3 54. Kh1 h2 1/2-1/2

[Event "*** SCC Grand Prix: Titled Tuesday Blitz"]
[Site "Chess.com"]
[Date "2020.07.21"]
[Round "6"]
[White "LyonBeast"]
[Black "Alexander_Zubov"]
[Result "1-0"]
[WhiteElo "3017"]
[BlackElo "2851"]
[TimeControl "180+1"]
[EndTime "11:07:38 PDT"]
[Termination "LyonBeast won by resignation"]

1. Nf3 Nf6 2. g3 g6 3. Bg2 d5 4.
c4 c6 5. b3 Bg7 6. Bb2 O-O 7.
O-O Bg4 8. d3 Nbd7 9. Nbd2 Re8 10. h3 Bxf3 11. Nxf3 e6 12. a3 a5 13. Qc2 Qb6 14. Rab1 Rac8 15. e3 Qa6 16. Rfc1 b5 17.
cxb5 cxb5 18. Qd2 Bf8 19. Bf1 b4 20. a4 Rxc1 21. Rxc1 Rc8 22. Nd4 Qb7 23. Nb5 Rc6 24.
Bg2 Qc8 25. Rxc6 Qxc6 26. e4 dxe4 27. dxe4 e5 28. Qd3 Qe6 29. Nc7 Qd6 30. Nd5 Nxd5 31. exd5 f6 32. h4 Nc5 33. Qc4 Kg7 34. Bf1 Qb6 35.
Bc1 Bd6 36. Be3 Qc7 37. h5 g5 38. Bh3 h6 39. Qc2 e4 40. Bf5 Qe7 41. Bd4 Kf7 42.
Kg2 Kg7 43. Qc4 Kf8 44. Qb5 Qc7 45. Bxf6 Be7 46. Bxe7+ Qxe7 47. Qb8+ Kg7 48. d6 Qf7 49. Qc7 1-0

[Event "*** SCC Grand Prix: Titled Tuesday Blitz"]
[Site "Chess.com"]
[Date "2020.07.21"]
[Round "6"]
[White "Matols"]
[Black "ural58"]
[Result "0-1"]
[WhiteElo "2220"]
[BlackElo "2538"]
[TimeControl "180+1"]
[EndTime "11:07:38 PDT"]
[Termination "ural58 won on time"]

1. d4 d5 2. c4 e5 3. dxe5 d4 4.
a3 Nc6 5. Nf3 g6 6. e3 Bg4 7.
Be2 Bxf3 8. Bxf3 Nge7 9. O-O Bg7 10. exd4 Qxd4 11. Nc3 O-O-O 12. Qb3 Qb6 13. Qxb6 axb6 14.
Bg4+ Kb8 15. f4 h5 16. Bf3 Nd4 17. b4 f6 18. exf6 Bxf6 19. Bb2 Nxf3+ 20. Rxf3 Rd2 21. Rb1 Nf5 22. Na4 Bxb2 23. Rxb2 Rd1+ 24. Kf2 Rhd8 25. Nc3 Rh1 26. Nd5 c6 27. Nxb6 Rdd1 28. c5 Rde1 29. g4 hxg4 30. Rd3 Ref1+ 31. Ke2 Re1+ 32.
Kf2 Rhf1+ 33. Kg2 Ne3+ 34. Kg3 Rg1+ 35. Kh4 Nd5 36. Nxd5 cxd5 37. Rxd5 Re8 38. Kg5 Rg8 39.
Rbd2 Ka7 40. b5 g3 41. hxg3 Rxg3+ 42. Kf6 Rxa3 43. c6 bxc6 44. bxc6 Rf8+ 45. Ke7 Rxf4 46.
c7 Rc3 47. Kd7 Rfc4 48. Ra5+ Kb6 0-1

[Event "*** SCC Grand Prix: Titled Tuesday Blitz"]
[Site "Chess.com"]
[Date "2020.07.21"]
[Round "6"]
[White "yuliagok"]
[Black "petroniy_arbitr"]
[Result "1-0"]
[WhiteElo "2103"]
[BlackElo "2258"]
[TimeControl "180+1"]
[EndTime "11:07:38 PDT"]
[Termination "yuliagok won on time"]

1. d4 d5 2. c4 c6 3. Nf3 Nf6 4. Qb3 dxc4 5. Qxc4 Bf5 6. Nc3 e6 7. Qb3 Qb6 8. Bg5 Qxb3 9. axb3 Nbd7 10. Nd2 Bb4 11.
f3 O-O 12. e4 Bg6 13. Na2 Be7 14. Be2 h6 15. Be3 Rfd8 16. O-O c5 17. dxc5 Bxc5 18. Bxc5 Nxc5 19. Rad1 Kf8 20. Nc3 Ke7 21. b4 Ncd7 22. f4 Nb6 23. f5 exf5 24. exf5 Bh5 25.
Bxh5 Nxh5 26. Rde1+ Kf8 27. Nde4 Nc4 28. b3 Nd2 29.
Rf2 Nxb3 30. f6 Nxf6 31. Nxf6 gxf6 32. Rxf6 Kg7 33. Ref1 Rd7 34. Ne4 Nd4 35. Ng3 a5 36.
Nh5+ Kg8 37. bxa5 Rxa5 38. Rxh6 Kf8 39. Nf6 Rc7 40. Rh8+ Ke7 41. Re8+ Kd6 42. Rd1 Kc5 43. Re5+ Kb4 44. Rxa5 Ne2+ 45. Kf2 Kxa5 46. Nd5 Rc2 47.
Ke3 Nc3 48. Ra1+ Kb5 49. Nc7+ Kc6 50. Kd3 1-0

[Event "*** SCC Grand Prix: Titled Tuesday Blitz"]
[Site "Chess.com"]
[Date "2020.07.21"]
[Round "6"]
[White "Harsha_Bharathakoti"]
[Black "AldokhinIvan"]
[Result "1-0"]
[WhiteElo "2763"]
[BlackElo "2574"]
[TimeControl "180+1"]
[EndTime "11:07:39 PDT"]
[Termination "Harsha_Bharathakoti won by checkmate"]

1. d4 Nf6 2. c4 g6 3. Nc3 Bg7 4.
e4 d6 5. Be2 O-O 6. Bg5 Nc6 7.
d5 Nb4 8. Nf3 Re8 9. O-O h6 10.
Be3 e6 11. a3 Na6 12. dxe6 Bxe6 13. Nd4 Nc5 14. f3 Bd7 15. Qd2 Kh7 16. b4 Ne6 17.
Nb3 Nh5 18. Rac1 Qh4 19. f4 Nf6 20. f5 Ng5 21. Rf4 Nfxe4 22. Rxh4 Nxd2 23. Bxd2 Bxc3 24. Bxg5 Kg8 25. Rxh6 Bg7 26. Bf3 Bxh6 27. Bxh6 Bxf5 28. Bxb7 Rab8 29. Bf3 f6 30. Bd2 Re5 31. Bf4 Re7 32. Kf2 g5 33. Be3 Kg7 34. Nd4 Bd7 35. Nc6 Bxc6 36.
Bxc6 a6 37. Bd4 Kg6 38. b5 axb5 39. cxb5 Rh8 40. h3 Rh4 41. Be3 Ra4 42. b6 Rxa3 43. bxc7 Ra2+ 44. Kg1 Rxc7 45. Be8+ Rf7 46. Rc7 Kf5 47.
Bxf7 Ra3 48. Kf2 Ke4 49. Re7+ Kf5 50. g4# 1-0

[Event "*** SCC Grand Prix: Titled Tuesday Blitz"]
[Site "Chess.com"]
[Date "2020.07.21"]
[Round "6"]
[White "Hikaru"]
[Black "vladislavkovalev"]
[Result "1-0"]
[WhiteElo "3267"]
[BlackElo "2902"]
[TimeControl "180+1"]
[EndTime "11:07:42 PDT"]
[Termination "Hikaru won on time"]

1. Nf3 Nf6 2. b3 g6 3. d4 Bg7 4. Bb2 O-O 5. e3 d6 6. Be2 b6 7. O-O Bb7 8. c4 Nbd7 9. Qc2 Qe8 10. Nc3 a6 11. e4 e5 12. dxe5 dxe5 13. Nd5 Rc8 14.
Rfe1 c6 15. Ne3 Qe7 16. Rad1 Rfd8 17. Bf1 Ne8 18. a3 a5 19. g3 Nf8 20. c5 b5 21.
a4 bxa4 22. bxa4 Ne6 23. Bh3 Nd4 24. Nxd4 exd4 25. Bxc8 Bxc8 26. Nc4 Qxc5 27. Ba3 Qh5 28. Rd3 Ba6 29. Rb3 Nf6 30. f3 Nd7 31. Kg2 c5 32. f4 Nf6 33. h3 Bc8 34. g4 Nxg4 35. hxg4 Qxg4+ 36. Rg3 Qxf4 37. Rf1 Qc7 38. Bc1 Bb7 39. Bf4 Qc6 40. Kh2 Re8 41. Nxa5 Qd7 42. Nxb7 Qxb7 43. Qxc5 Qxe4 44. Rg2 d3 45. Bg3 Bd4 46.
Qb5 Kg7 47. Rf4 Qe3 48. Qd5 Bf6 49. Qf3 1-0

[Event "*** SCC Grand Prix: Titled Tuesday Blitz"]
[Site "Chess.com"]
[Date "2020.07.21"]
[Round "6"]
[White "Sibelephant"]
[Black "praveenb2002"]
[Result "1-0"]
[WhiteElo "3098"]
[BlackElo "2766"]
[TimeControl "180+1"]
[EndTime "11:07:42 PDT"]
[Termination "Sibelephant won on time"]

1. c4 e5 2. Nc3 Nc6 3. Nf3 g6 4. d4 exd4 5. Nxd4 Bg7 6. Nxc6 bxc6 7. g3 Ne7 8. Bg2 O-O 9. O-O d6 10. Qc2 Rb8 11. b3 c5 12. Bb2 Bb7 13. Bxb7 Rxb7 14. Rad1 Nf5 15. e3 Re8 16. Nd5 c6 17. Bxg7 Kxg7 18.
Qc3+ f6 19. Nf4 Qe7 20. Rd2 Qe5 21. Qd3 Rd7 22. Rfd1 Red8 23. Qe2 Qe4 24. Qf1 a5 25. Qg2 Qxg2+ 26. Kxg2 Kf7 27. g4 Ng7 28. Ne2 d5 29.
cxd5 cxd5 30. Rc2 Ne6 31. Nc3 d4 32. Ne4 dxe3 33. Rxd7+ Rxd7 34. fxe3 f5 35. gxf5 gxf5 36. Nd2 Kf6 37. Nc4 Ra7 38. a4 f4 39. exf4 Nxf4+ 40. Kf3 Ne6 41. Ke4 Nd4 42. Rc3 Ke6 43. Rh3 Kf6 44.
Kd5 Rd7+ 45. Kxc5 Ne6+ 46. Kb6 Rd5 47. Rh6+ Kf7 48. Rxh7+ Kg6 49. Re7 Kf6 50. Ra7 Rd3 51.
Nxa5 1-0

[Event "*** SCC Grand Prix: Titled Tuesday Blitz"]
[Site "Chess.com"]
[Date "2020.07.21"]
[Round "6"]
[White "davigator"]
[Black "amatatanav"]
[Result "1-0"]
[WhiteElo "2349"]
[BlackElo "2489"]
[TimeControl "180+1"]
[EndTime "11:07:42 PDT"]
[Termination "davigator won on time"]

1. e4 c5 2. Nf3 Nc6 3. d4 cxd4 4. Nxd4 g6 5. Nxc6 bxc6 6. Qd4 Nf6 7. e5 Nd5 8. Bc4 Qb6 9. Qe4 Bg7 10. O-O Ba6 11. Bxa6 Qxa6 12. Nd2 O-O 13. Nf3 Rab8 14.
Qh4 Rb4 15. Qh3 Rd8 16. c3 Nf4 17. Bxf4 Rxf4 18. Rfd1 Qb7 19. Rd2 d6 20. Rad1 Re8 21.
e6 Qb5 22. exf7+ Rxf7 23. Qe6 Qf5 24. Rxd6 Qxe6 25. Rxe6 Rb8 26. Rd2 Bf6 27. Rxc6 Rff8 28. h4 Kf7 29. h5 Rfd8 30. Rxd8 Rxd8 31. hxg6+ hxg6 32. Ra6 Rd7 33. Kf1 Rb7 34. b3 Bxc3 35. Ke2 Bf6 36. Ke3 Rd7 37. Ke4 e6 38. g4 Ke7 39. g5 Bg7 40. Ne5 Bxe5 41. Kxe5 Rd5+ 42. Kf4 Rd7 43. f3 Rd4+ 44. Ke5 Rd5+ 45. Kf4 Rd7 46. Ke4 Rb7 47. f4 Rd7 48. Ra5 Rb7 49. Ra4 Kd6 50. b4 Rc7 51. a3 Rc4+ 52. Ke3 Rc3+ 53. Kd4 Rc7 54. Ra6+ Kd7 55. Ke5 Rb7 56. Kf6 1-0

[Event "*** SCC Grand Prix: Titled Tuesday Blitz"]
[Site "Chess.com"]
[Date "2020.07.21"]
[Round "6"]
[White "SHIVACalypso"]
[Black "icychess54"]
[Result "1-0"]
[WhiteElo "2354"]
[BlackElo "2264"]
[TimeControl "180+1"]
[EndTime "11:07:42 PDT"]
[Termination "SHIVACalypso won on time"]

1. Nf3 d5 2. c4 c6 3. d4 Nf6 4. Nc3 e6 5. g3 Nbd7 6. Bg2 Be7 7. O-O O-O 8. Nd2 b6 9. e4 dxe4 10. Ndxe4 Bb7 11. Be3 Qc8 12. Qc2 c5 13. Rfd1 Rd8 14.
dxc5 Nxc5 15. Nxc5 Bxg2 16. Nxe6 Qxe6 17. Kxg2 Qxc4 18.
Qf5 Qb4 19. Qb5 Qg4 20. h3 Qg6 21. a4 h5 22. h4 Ng4 23. Bf4 Bc5 24. f3 Ne3+ 25.
Bxe3 Bxe3 26. Ne4 Rac8 27. Qe2 Bd4 28. Rd2 Be5 29. Rad1 Rxd2 30. Qxd2 Kh7 31. Ng5+ Kh6 32. Nxf7+ Kh7 33. Ng5+ Kg8 34. Qd8+ Qe8 35. Qxe8+ Rxe8 36. Re1 Kf8 37. f4 Bxb2 38. Nh7+ Kf7 39. Ng5+ Kf8 40. Rxe8+ Kxe8 41. Kf3 a6 42. Ne6 Kf7 43. Nc7 b5 44. axb5 axb5 45. Nxb5 Kg6 46. Nd6 Kh7 47. Ke4 g6 48.
Nf7 Bc3 49. Ne5 Be1 50. Kf3 Bb4 51. Nd3 1-0

[Event "*** SCC Grand Prix: Titled Tuesday Blitz"]
[Site "Chess.com"]
[Date "2020.07.21"]
[Round "6"]
[White "Jbd735"]
[Black "zaur-mammadov"]
[Result "0-1"]
[WhiteElo "2475"]
[BlackElo "2663"]
[TimeControl "180+1"]
[EndTime "11:07:43 PDT"]
[Termination "zaur-mammadov won by resignation"]

1. e4 e6 2. d4 d5 3. Nd2 Be7 4. Ngf3 Nf6 5. e5 Nfd7 6. Bd3 c5 7. c3 Nc6 8. O-O g5 9. dxc5 g4 10. Nd4 Ndxe5 11. Bc2 h5 12. b4 Nxd4 13. cxd4 Nc6 14. Ba4 Bd7 15. Bxc6 bxc6 16. Nb3 f5 17. Bf4 Bf6 18.
Re1 Kf7 19. Be5 h4 20. Nc1 Bxe5 21. Rxe5 g3 22. Nd3 gxh2+ 23. Kh1 a5 24. a3 Qg5 25. Qc1 Qxc1+ 26. Rxc1 axb4 27. axb4 Ra3 28. Re3 Rha8 29. Kxh2 Ke7 30. b5 cxb5 31. c6 Bc8 32. Rc5 Rb8 33. Nb4 Ra4 34. Nxd5+ Kd6 35. c7 Rb7 36. Nf6 Rxd4 37. Rc2 b4 38. Ne8+ Kd7 39.
Nf6+ Ke7 40. Nh5 Kd6 41. g3 hxg3+ 42. fxg3 Rxc7 43. Rce2 Rc3 44. Nf4 Rxe3 45. Rxe3 e5 46. Ng6 e4 47. Nf4 Kc5 48. Kh3 Kc4 49. Re1 Ba6 50. Rc1+ Kb5 51. Rb1 Rd2 52. Kh4 e3 53. Kg5 e2 54. Nxe2 Rxe2 55. Kxf5 Kc4 56. g4 b3 57. g5 Kc3 58. Kf6 Bd3 59. Rc1+ Rc2 60. Rd1 Rf2+ 61. Ke7 b2 62. Ke6 Bc2 63. Re1 Re2+ 64.
Rxe2 b1=Q 65. Re5 Qb6+ 66. Kf7 Qg6+ 67. Ke7 Kd4 68. Re6 Qxg5+ 69. Kd6 Qd8+ 70. Kc6 Be4+ 71.
Kb5 Qd7+ 0-1

[Event "*** SCC Grand Prix: Titled Tuesday Blitz"]
[Site "Chess.com"]
[Date "2020.07.21"]
[Round "6"]
[White "jerry_77"]
[Black "bugsbunny444"]
[Result "0-1"]
[WhiteElo "2373"]
[BlackElo "2574"]
[TimeControl "180+1"]
[EndTime "11:07:43 PDT"]
[Termination "bugsbunny444 won by checkmate"]

1. e4 c5 2. Nf3 e6 3. d4 cxd4 4. Nxd4 a6 5. Nc3 Qc7 6. Be3 Nf6 7. Bd3 Bb4 8. Ne2 d5 9. exd5 Nxd5 10. Bd2 Nxc3 11.
Bxc3 Bxc3+ 12. Nxc3 Qe5+ 13. Be2 b5 14. O-O Bb7 15. Bf3 Qc7 16. Qd4 O-O 17. Bxb7 Qxb7 18. Rfe1 Nc6 19. Qh4 Rfd8 20. Re3 Rd4 21. Qg5 h6 22.
Qh5 Rad8 23. Rg3 Ne7 24. h3 Nf5 25. Rg4 Rd2 26. Rf4 Rxc2 27. Rd1 Rdd2 28. Rxd2 Rxd2 29. Rxf5 exf5 30. Qxf5 Qd7 31. Qe4 g6 32. Qa8+ Kg7 33.
Qxa6 Qd4 34. Qc6 Qxf2+ 35. Kh1 Rxb2 36. Qe4 b4 37. Nd5 Re2 38. Qg4 Re1+ 39. Kh2 Qg1+ 40. Kg3 Re6 41. Qxb4 Qe1+ 42. Qxe1 Rxe1 43. Kf2 Ra1 44.
Nc3 Rc1 45. Ne2 Rc2 46. a3 Ra2 47. Kf3 Rxa3+ 48. Kf4 Ra2 49. Kf3 f5 50. Nf4 Rb2 51. Nd5 Rb3+ 52. Kf4 Kf7 53. Ke5 Rb5 54. Kd6 Rb2 55. Ke5 Rxg2 56. Kf4 Rh2 57. Kg3 Rd2 58. Nf4 Ra2 59. Nd5 g5 60. h4 Ra3+ 61. Kg2 Kg6 62.
Ne7+ Kf6 63. Ng8+ Kg7 64. Ne7 f4 65. h5 Kf6 66. Ng8+ Kg7 67. Ne7 Ra5 68. Kf3 Re5 69. Ng6 Re3+ 70. Kg4 Kf6 71. Nf8 Rg3# 0-1

[Event "*** SCC Grand Prix: Titled Tuesday Blitz"]
[Site "Chess.com"]
[Date "2020.07.21"]
[Round "6"]
[White "platy3"]
[Black "FontVella8"]
[Result "1-0"]
[WhiteElo "2767"]
[BlackElo "2590"]
[TimeControl "180+1"]
[EndTime "11:07:44 PDT"]
[Termination "platy3 won by resignation"]

1. e4 c6 2. Nf3 d5 3. d3 g6 4.
Qe2 Bg7 5. g3 Nf6 6. Bg2 O-O 7.
O-O Bg4 8. h3 Bxf3 9. Bxf3 e6 10.
Bg2 Nbd7 11. f4 a5 12. Nd2 a4 13. a3 b5 14. Kh2 Qb6 15. Nf3 c5 16. e5 Ne8 17. c3 Nc7 18. d4 Qa6 19. Be3 b4 20. Qxa6 Rxa6 21. dxc5 bxc3 22. bxc3 Rc6 23. Rfb1 Na6 24.
c4 dxc4 25. Nd2 Rc7 26. c6 c3 27. Ne4 Ndb8 28. Nxc3 Nxc6 29. Nb5 Rcc8 30. Nd6 Rc7 31.
Bb6 Nxe5 32. Bxc7 Nxc7 33. fxe5 Bxe5 34. Nc4 Bxa1 35. Rxa1 Nb5 36. Rb1 Rc8 37. Rb4 Rc5 38. Rxa4 e5 39. Rb4 Kg7 40. a4 Nc7 41. a5 f5 42. Ra4 e4 43. Bf1 Kf6 44. a6 Na8 45. a7 Rc7 46. Nd6 Ke5 47. Nb5 Rc2+ 48. Kg1 e3 49. Ra3 f4 50. gxf4+ Kxf4 51. Nd4 Rd2 52.
Ne2+ Kf3 53. Bg2+ Kxe2 54. Bxa8 Rd1+ 55. Kg2 Rd2 56. Bf3+ Ke1+ 57. Kg3 e2 58. a8=Q Rd3 59. Rxd3 1-0

[Event "*** SCC Grand Prix: Titled Tuesday Blitz"]
[Site "Chess.com"]
[Date "2020.07.21"]
[Round "6"]
[White "ChessAurochs"]
[Black "Izoria123"]
[Result "1-0"]
[WhiteElo "2547"]
[BlackElo "2863"]
[TimeControl "180+1"]
[EndTime "11:07:44 PDT"]
[Termination "ChessAurochs won on time"]

1. e4 c5 2. Nf3 a6 3. Nc3 e6 4. d4 cxd4 5. Nxd4 d6 6. Bd3 Nf6 7. f4 g6 8. Be3 Bg7 9. Qf3 O-O 10. h3 Nbd7 11. g4 e5 12. Nb3 exf4 13. Bxf4 Ne5 14. Qg3 Be6 15. O-O h5 16. g5 Nfd7 17. Be2 Nb6 18.
Rad1 Nbc4 19. Bc1 Qb6+ 20. Kh1 Rac8 21. Nd5 Bxd5 22. Rxd5 Qc6 23. Rfd1 Nb6 24. Rxd6 Qxe4+ 25. Qg2 Qxg2+ 26. Kxg2 Rxc2 27. R1d2 Rxd2 28. Rxd2 Rc8 29. Rd6 Na4 30. Rd5 b5 31. h4 Nc4 32. Bf4 Ncxb2 33. Rd7 Nc3 34. Bf3 Nxa2 35. Bd5 Nc3 36. Bxf7+ Kh7 37.
Be6 Re8 38. Bf7 Rf8 39. Bd6 Rc8 40. Be6 Re8 41. Bf7 Re2+ 42. Kf3 Nd3 43. Nc5 Nxc5 44.
Bxc5 Rh2 45. Bb3 Rh3+ 46. Kg2 Rxh4 47. Bf8 Rg4+ 48. Kh3 Rxg5 49. Rxg7+ Kh8 50. Rf7 Rf5 51. Bg7+ Kh7 52. Bf6+ Kh6 53. Bg7+ Kg5 54. Ra7 1-0

[Event "*** SCC Grand Prix: Titled Tuesday Blitz"]
[Site "Chess.com"]
[Date "2020.07.21"]
[Round "6"]
[White "JiiHart"]
[Black "novocane"]
[Result "0-1"]
[WhiteElo "2084"]
[BlackElo "2266"]
[TimeControl "180+1"]
[EndTime "11:07:47 PDT"]
[Termination "novocane won on time"]

1. e4 c5 2. Nf3 Nc6 3. d4 cxd4 4. Nxd4 e5 5. Nf3 Nf6 6. Nc3 Bb4 7. Bc4 h6 8. O-O O-O 9. Bd2 d6 10. Re1 Be6 11. Nd5 Bxd2 12. Qxd2 Bg4 13. Re3 Rc8 14. c3 Bxf3 15. Nxf6+ Qxf6 16. Rxf3 Qg6 17. Bd3 Qg5 18. Qxg5 hxg5 19. Rd1 g6 20. Be2 Rfd8 21. Rfd3 f5 22. exf5 gxf5 23. Rxd6 Kf7 24. Bc4+ Ke7 25. Re6+ Kf8 26.
Rf6+ Kg7 27. Rf7+ Kg6 28. Rdd7 Rxd7 29. Rxd7 e4 30. h4 Ne5 31. Be2 Nxd7 32. hxg5 Kxg5 33.
g3 Ne5 34. Kg2 Rd8 35. Bb5 Rd2 36. b3 Rxa2 37. c4 Nf3 38. Bd7 Ra1 39. g4 Rg1+ 40.
Kh3 fxg4+ 41. Bxg4 Rxg4 42. b4 Kf4 43. c5 Rh4+ 44.
Kg2 Rh5 45. b5 Rxc5 46. b6 axb6 0-1